AoeStats
← eyupfc

Arabia

507699209Analyzed
1v1 RM · 13d ago on Sep 19, 2026· 35m 0s· 2 players
Game mode
Random Map
Map size
Tiny (2 player)
Population
200
Speed
Normal
Resources
Standard
Victory
Conquest
Starting age
Dark Age
Ending age
Imperial Age
RankedLock teamsTeams togetherTeam positionsShared explorationLock speedFull tech treeHidden civsTurbo modeCheats
Victory
Defeat
🇹🇷 Mapuche · Türkiye
1259
+19
🇨🇳 Byzantines · China
1327
-19
eyupfc
6:13 Loom
9:13 Feudal Age
9:52 Double-Bit Axe
10:11 Champi Runner
18:58 Fletching
19:08 Padded Archer Armor
22:30 Castle Age
20:59 Horse Collar
21:10 Gold Mining
21:43 Stone Mining
21:53 Stone Mining
22:19 Scale Mail Armor
22:29 Forging
22:15 Arson
23:02 Champi Warrior
24:20 Bow Saw
25:53 Chain Mail Armor
26:22 Iron Casting
28:07 Chain Mail Armor
29:34 Pikeman
35:05 Bodkin Arrow
ruling-dg
6:19 Loom
9:07 Feudal Age
10:06 Double-Bit Axe
17:51 Fletching
22:51 Castle Age
21:19 Horse Collar
21:33 Gold Mining
23:05 Padded Archer Armor
24:02 Bow Saw
25:31 Bodkin Arrow
26:32 Ballistics
26:37 Heavy Plow
27:08 Elite Skirmisher
31:50 Wheelbarrow
31:07 Crossbowman
31:53 Thumb Ring
31:16 Crossbowman
34:56 Hand Cart
Connection lost

Rejoining the realm…

Still unreachable

The connection could not be restored.

Session expired

The server has moved on; the page needs a fresh start.